 Dungeon Crawl Stone Soup version 0.24.0-37-gcf1ca852f1 (webtiles) character file.

Game seed: 11139183854061238700, levelgen mode: deterministic

2904 FishyPogo the Magician (level 9, 0/73 HPs)
             Began as a Gnoll Skald on Dec 8, 2019.
             Was a Priest of Sif Muna.
             Slain by a wight
             ... wielding a cursed +0 long sword
              (11 damage)
             ... on level 7 of the Dungeon.
             The game lasted 00:31:51 (4816 turns).

FishyPogo the Magician (Gnoll Skald)                Turns: 4816, Time: 00:31:54

Health: 0/73       AC:  6    Str: 18    XL:     9   Next: 78%
Magic:  8/19       EV: 16    Int: 15    God:    Sif Muna [***...]
Gold:   337        SH:  0    Dex: 17    Spells: 10/21 levels left

rFire    + . .     SeeInvis +   i - +2 long sword (vamp)
rCold    . . .     Gourm    .   (no shield)
rNeg     . . .     Faith    .   f - +2 robe {rF+}
rPois    +         Spirit   .   (no helmet)
rElec    .         Reflect  .   (no cloak)
rCorr    .         Harm     .   r - +0 pair of gloves
MR       .....                  (no boots)
Stlth    +++.......             (no amulet)
HPRegen  0.22/turn              l - ring of see invisible
MPRegen  0.16/turn              q - +3 ring of strength

@: lethally poisoned (0 -> -2), hasted, lightly drained, very quick
A: distributed training, fangs 1, rugged brown scales 1, poison resistance,
strong nose
a: Channel Magic, Forget Spell, Renounce Religion


You were on level 7 of the Dungeon.
You worshipped Sif Muna.
Sif Muna was most pleased with you.
You were hungry.

You visited 1 branch of the dungeon, and saw 7 of its levels.

You collected 337 gold pieces.

Inventory:

Hand Weapons
 a - a +1 falchion
 i - a +2 vampiric long sword (weapon)
Missiles
 j - 210 stones (quivered)
 s - 2 curare-tipped darts
 w - 11 poisoned darts
Armour
 f - a +2 robe of fire resistance (worn)
 r - a +0 pair of gloves (worn)
Jewellery
 h - an uncursed ring of stealth
 k - an uncursed ring of wizardry
 l - a ring of see invisible (left hand)
 q - a +3 ring of strength (right hand)
Wands
 m - a wand of disintegration (12)
Scrolls
 c - 10 scrolls of identify
 n - a scroll of amnesia
 o - 4 scrolls of remove curse
 t - a scroll of fear
 u - a scroll of teleportation
Potions
 e - 4 potions of flight
 p - 3 potions of brilliance
 v - a potion of haste
Comestibles
 b - 2 chunks of flesh
 d - 14 rations


   Skills:
 + Level 6.5(6.2) Fighting
 + Level 4.5(4.2) Short Blades
 + Level 6.5(6.2) Long Blades
 + Level 4.5(4.2) Axes
 + Level 4.5(4.2) Maces & Flails
 + Level 4.5(4.2) Polearms
 + Level 4.5(4.2) Staves
 + Level 4.5(4.2) Slings
 + Level 4.5(4.2) Bows
 + Level 4.5(4.2) Crossbows
 + Level 4.5(4.2) Throwing
 + Level 5.2(4.9) Armour
 + Level 6.5(6.2) Dodging
 + Level 4.5(4.2) Stealth
 + Level 4.5(4.2) Shields
 + Level 4.5(4.2) Unarmed Combat
 + Level 6.8(6.5) Spellcasting
 + Level 3.7(3.4) Conjurations
 + Level 3.7(3.4) Hexes
 + Level 6.6(6.3) Charms
 + Level 3.7(3.4) Summonings
 + Level 3.7(3.4) Necromancy
 + Level 3.7(3.4) Translocations
 + Level 3.7(3.4) Transmutations
 + Level 3.7(3.4) Fire Magic
 + Level 3.7(3.4) Ice Magic
 + Level 3.7(3.4) Air Magic
 + Level 3.7(3.4) Earth Magic
 + Level 3.7(3.4) Poison Magic
 + Level 4.9(4.6) Invocations
 + Level 4.5(4.2) Evocations


You had 10 spell levels left.
You knew the following spells:

 Your Spells              Type           Power        Failure   Level  Hunger
h - Regeneration          Chrm/Necr      ###.......   5%          3    ##.....
n - Spectral Weapon       Hex/Chrm       ###.....     5%          3    ##.....
p - Shroud of Golubria    Chrm/Tloc      ###...       2%          2    #......
u - Song of Slaying       Chrm           ###.....     1%          2    #......
y - Infusion              Chrm           ###.         1%          1    None

Your spell library contained the following spells:

 Spells                   Type           Power        Failure   Level  Hunger


Dungeon Overview and Level Annotations

Branches:
Dungeon (7/15)             Temple (0/1) D:7

Altars:
Cheibriados
Dithmenos
Elyvilon
Kikubaaqudgha
Nemelex Xobeh
Sif Muna
Trog
Uskayaw


Innate Abilities, Weirdness & Mutations

Your experience applies equally to all skills.
You have very sharp teeth.
Your uncanny sense of smell can sniff out nearby items.
You are partially covered in rugged brown scales. (AC +1, +3% HP)
Your system is resistant to poisons. (rPois)


Message History

The killer bee misses you.
You riposte.
You hit the killer bee.
You feel better.
The killer bee is almost dead.
The killer bee stings you.
* * * LOW HITPOINT WARNING * * *
Your shroud falls apart!
The killer bee misses you. The wight misses you.
The killer bee closely misses you.
The wight hits you with a cursed +0 long sword.
* * * LOW HITPOINT WARNING * * *
You feel drained.
* * * LOW HITPOINT WARNING * * *
Unknown command.
It was a potion of haste.
You feel yourself speed up.
You feel sick. The killer bee barely misses you. The killer bee misses you.
A wight comes into view. It is wielding a -1 dire flail.
The killer bee misses you. The killer bee closely misses you.
The wight closely misses you.
The wight hits you with a cursed +0 long sword!
You die...

.....+.......#...........P.P#
....##..÷....#..........##.## #
....##.......#.........P#...#P#
.............#............>...
.............#......(..P# .#
######.......#.....(....##.####
....####+#####...........P.P...
....#........).zzyz............
...[#...........@yz............
....#..(...(..######...z.......
....#..(......# #...........
#####.........# #......###'#
.....###'###### #......# .
.....'...<....# #......#
.....#........# #......# ∆
.....#........# ......#
.....##########


You could see 2 killer bees and 5 wights.

Vanquished Creatures
  Eustachio (D:6)
  Menkaure (D:6)
  A sky beast (D:4)
  An orc warrior (D:6)
  An ice beast (D:7)
  4 ogres
  A phantom (D:5)
  2 centaurs
  A crocodile (D:7)
  A bullfrog (D:6)
  A water moccasin skeleton (D:4)
  13 killer bees (D:7)
  A howler monkey (D:6)
  A crimson imp (D:7)
  2 hounds
  A quasit (D:5)
  2 bullfrog zombies
  3 orc priests
  A centaur skeleton (D:6)
  2 jellies
  7 orc wizards
  A bullfrog skeleton (D:5)
  An iguana (D:5)
  3 worker ants
  A howler monkey skeleton (D:6)
  7 adders
  9 gnolls
  2 oozes
  3 adder skeletons (D:5)
  7 dart slugs
  6 worms
  5 leopard geckos
  18 orcs
  5 giant cockroaches
  8 goblins
  3 hobgoblins
  3 jackals (D:5)
  3 quokkas
  4 ball pythons
  12 bats
  5 frilled lizards
  3 kobolds
  A leopard gecko zombie (D:7)
  A quokka zombie (D:6)
  10 rats
169 creatures vanquished.

Vanquished Creatures (others)
  A gnoll (D:4)
  A spectral weapon (D:6)
2 creatures vanquished.

Grand Total: 171 creatures vanquished

Notes
Turn   | Place    | Note
-------+----------+-------------------------------------------
     0 | D:1      | FishyPogo the Gnoll Skald began the quest for the Orb.
     0 | D:1      | Reached XP level 1. HP: 20/20 MP: 6/6
   146 | D:1      | Reached XP level 2. HP: 25/26 MP: 7/7
   270 | D:1      | Learned a level 2 spell: Song of Slaying
   273 | D:1      | Learned a level 2 spell: Shroud of Golubria
   402 | D:1      | Reached XP level 3. HP: 17/31 MP: 5/9
   427 | D:1      | Reached skill level 5 in Spellcasting
   755 | D:2      | Reached skill level 1 in Invocations
   760 | D:2      | Learned a level 3 spell: Regeneration
   765 | D:2      | Learned a level 3 spell: Spectral Weapon
   880 | D:2      | Found a sparkling altar of Nemelex Xobeh.
   955 | D:2      | Reached skill level 1 in Short Blades
   955 | D:2      | Reached skill level 1 in Axes
   955 | D:2      | Reached skill level 1 in Maces & Flails
   955 | D:2      | Reached skill level 1 in Polearms
   955 | D:2      | Reached skill level 1 in Staves
   955 | D:2      | Reached skill level 1 in Slings
   955 | D:2      | Reached skill level 1 in Bows
   955 | D:2      | Reached skill level 1 in Crossbows
   955 | D:2      | Reached skill level 1 in Throwing
   955 | D:2      | Reached skill level 1 in Stealth
   955 | D:2      | Reached skill level 1 in Shields
   955 | D:2      | Reached skill level 1 in Unarmed Combat
   955 | D:2      | Reached skill level 1 in Evocations
   994 | D:2      | Reached XP level 4. HP: 38/38 MP: 11/11
  1003 | D:2      | Found a snail-covered altar of Cheibriados.
  1179 | D:2      | Noticed a moth of wrath
  1182 | D:2      | Found a bloodstained altar of Trog.
  1296 | D:2      | Found a faded altar of an unknown god.
  1315 | D:2      | Gained mutation: You are partially covered in rugged brown
                  | scales. (AC +1, +3% HP) [potion of mutation]
  1315 | D:2      | Gained mutation: Your system is resistant to poisons.
                  | (rPois) [potion of mutation]
  1321 | D:2      | HP: 2/58 [adder (1)]
  1323 | D:2      | Reached skill level 1 in Conjurations
  1323 | D:2      | Reached skill level 1 in Hexes
  1323 | D:2      | Reached skill level 1 in Summonings
  1323 | D:2      | Reached skill level 1 in Necromancy
  1323 | D:2      | Reached skill level 1 in Translocations
  1323 | D:2      | Reached skill level 1 in Transmutations
  1323 | D:2      | Reached skill level 1 in Fire Magic
  1323 | D:2      | Reached skill level 1 in Ice Magic
  1323 | D:2      | Reached skill level 1 in Air Magic
  1323 | D:2      | Reached skill level 1 in Earth Magic
  1323 | D:2      | Reached skill level 1 in Poison Magic
  1331 | D:2      | Became a worshipper of Sif Muna the Loreminder
  1331 | D:2      | Reached * piety under Sif Muna
  1353 | D:2      | Found a shadowy altar of Dithmenos.
  1483 | D:3      | Reached XP level 5. HP: 44/44 MP: 5/12
  2082 | D:3      | Found a white marble altar of Elyvilon.
  2436 | D:4      | Noticed a sky beast
  2503 | D:4      | Reached XP level 6. HP: 40/51 MP: 1/13
  2554 | D:4      | Killed a sky beast
  2554 | D:4      | Reached skill level 5 in Fighting
  2554 | D:4      | Reached skill level 5 in Long Blades
  2554 | D:4      | Reached skill level 5 in Dodging
  2698 | D:4      | Found an ancient bone altar of Kikubaaqudgha.
  3188 | D:5      | Entered Level 5 of the Dungeon
  3201 | D:5      | Reached ** piety under Sif Muna
  3282 | D:5      | Reached XP level 7. HP: 57/57 MP: 10/15
  3519 | D:5      | Found a shadowy altar of Dithmenos.
  3674 | D:5      | Reached XP level 8. HP: 53/64 MP: 2/16
  3923 | D:6      | Noticed Menkaure
  3929 | D:6      | Killed Menkaure
  4101 | D:6      | Noticed Eustachio
  4106 | D:6      | Reached *** piety under Sif Muna
  4116 | D:6      | Killed Eustachio
  4167 | D:6      | Reached XP level 9. HP: 50/71 MP: 5/18
  4378 | D:6      | Found a hide-covered altar of Uskayaw.
  4686 | D:7      | Reached skill level 5 in Armour
  4793 | D:7      | Found a staircase to the Ecumenical Temple.
  4816 | D:7      | Slain by a wight

Levels and vault maps discovered:
D:1:      dpeg_arrival_more_subterranean_lakeside_camping, layout_basic
D:2:      layout_basic, cheibriados_altar_1, nemelex_altar_shiori,
          marbit_many_paths, chequers_ecumenical_altar_simple_redux, tgw_trog
D:3:      layout_basic, elyvilon_altar_5
D:4:      layout_basic, kiku_gazebo_pond_becter, corner_web_ring,
          kennysheep_cross_bottleneck, lemuel_flame_loot_1
D:5:      layout_basic, first_ration, grunt_dithmenos_shadows
D:6:      layout_rooms, lemuel_crystal_altar, uniq_menkaure, uniq_eustachio
D:7:      layout_gridville, minmay_temple_entry_gardened_gates,
          kennysheep_generic_room_11

Skill      XL: |  1  2  3  4  5  6  7  8  9 |
---------------+----------------------------+-----
Spellcasting   | 5 6 |  6.8
Invocations    | 1 2 3 4 |  4.9
Short Blades   | 1 2 3 4 |  4.5
Axes           | 1 2 3 4 |  4.5
Maces & Flails | 1 2 3 4 |  4.5
Polearms       | 1 2 3 4 |  4.5
Staves         | 1 2 3 4 |  4.5
Slings         | 1 2 3 4 |  4.5
Bows           | 1 2 3 4 |  4.5
Crossbows      | 1 2 3 4 |  4.5
Throwing       | 1 2 3 4 |  4.5
Stealth        | 1 2 3 4 |  4.5
Shields        | 1 2 3 4 |  4.5
Unarmed Combat | 1 2 3 4 |  4.5
Evocations     | 1 2 3 4 |  4.5
Conjurations   | 1 2 3 |  3.7
Hexes          | 1 2 3 |  3.7
Summonings     | 1 2 3 |  3.7
Necromancy     | 1 2 3 |  3.7
Translocations | 1 2 3 |  3.7
Transmutations | 1 2 3 |  3.7
Fire Magic     | 1 2 3 |  3.7
Ice Magic      | 1 2 3 |  3.7
Air Magic      | 1 2 3 |  3.7
Earth Magic    | 1 2 3 |  3.7
Poison Magic   | 1 2 3 |  3.7
Armour         | 3 4 5 |  5.2
Fighting       | 5 6 |  6.5
Long Blades    | 5 6 |  6.5
Dodging        | 5 6 |  6.5
Charms         | 6 |  6.6

Action                   |  1- 3 |  4- 6 |  7- 9 || total
-------------------------+-------+-------+-------++-------
Melee: Falchion          |    88 |    82 |   175 ||   345
       Bite              |    10 |    17 |    31 ||    58
       Punch             |     1 |       |     5 ||     6
       Spear             |       |    94 |       ||    94
       Long sword        |       |       |    61 ||    61
Throw: Stone             |       |     2 |     7 ||     9
 Cast: Infusion          |     2 |     8 |     4 ||    14
       Regeneration      |     2 |     7 |    11 ||    20
       Song of Slaying   |     2 |     5 |    10 ||    17
       Shroud of Golubri |       |     6 |    16 ||    22
       Spectral Weapon   |       |    12 |    16 ||    28
  Use: Potion            |       |     8 |     3 ||    11
       Scroll            |       |     8 |     3 ||    11
 Stab: Sleeping          |       |     1 |     3 ||     4
       Distracted        |       |     1 |     3 ||     4
  Eat: Chunk             |     1 |     9 |     8 ||    18
Armor: Leather armour    |    18 |    49 |    35 ||   102
       Robe              |       |       |    26 ||    26
Dodge: Dodged            |    85 |   145 |   246 ||   476
       Rpst.: Falchion   |    25 |    26 |    34 ||    85
       Long sword        |       |       |    34 ||    34
